A
LITTLE ROCK TRAVELERS @ TALLAHASSEE THUNDER
05/09/2060
 
TOP OF THE 1ST
Little Rock Travelers batting - Pitching for Tallahassee Thunder : RHP Richard Dueck
Pitching: RHP Richard Dueck
Batting: RHB Kyle Tursi 0-0: Ground out 4-3 (Groundball, 4, EV 86.2 MPH)
Batting: SHB Stuart Owens 0-0: Ball
1-0: Swinging Strike
1-1: Called Strike
1-2: Ball
2-2: Strikes out swinging
Batting: RHB Cody Tolley 0-0: Foul Ball, location: 2F
0-1: Ball
1-1: Foul Ball, location: 2F
1-2: Strikes out looking
Top of the 1st over - 0 runs, 0 hits, 0 errors, 0 left on base; Little Rock 0 - Tallahassee 0
BOTTOM OF THE 1ST
Tallahassee Thunder batting - Pitching for Little Rock Travelers : LHP Dave Jackson
Pitching: LHP Dave Jackson
Batting: RHB Maxie Bernal 0-0: Ball
1-0: Ball
2-0: Foul Ball, location: 2F
2-1: Called Strike
2-2: Ball
3-2: Ground out 6-3 (Groundball, 56, EV 106.9 MPH)
Batting: SHB Colt Heston 0-0: Called Strike
0-1: Reached on error, E6 (Groundball, 6, EV 107.5 MPH)
Batting: LHB Axel Parker 0-0: Called Strike
0-1: Called Strike
0-2: Ball
1-2: Grounds into double play, 6-4-3 (Groundball, 6, EV 98.8 MPH)
Bottom of the 1st over - 0 runs, 0 hits, 1 error, 0 left on base; Little Rock 0 - Tallahassee 0
TOP OF THE 2ND
Little Rock Travelers batting - Pitching for Tallahassee Thunder : RHP Richard Dueck
Batting: LHB Sanford Davis 0-0: Ball
1-0: Foul Ball, location: 2F
1-1: Ball
2-1: Foul Ball, location: 2F
2-2: Ball
3-2: Foul Ball, location: 2F
3-2: SINGLE (Groundball, 4MD, EV 108.8 MPH)
Batting: LHB Chandler Allen 0-0: Ball
Sanford Davis is caught stealing 2nd base 2-6
1-0: Ball
2-0: Ball
3-0: Base on Balls
Batting: RHB Mason Eubanks 0-0: Called Strike
0-1: Fly out, F8 (Line Drive, 8RM, EV 85.6 MPH)
Batting: SHB Skylar Cirigliano 0-0: Ball
Chandler Allen steals 2nd base
1-0: Ball
2-0: TRIPLE (Flyball, 78XD, EV 108.8 MPH)
Chandler Allen scores
Batting: RHB Preston Horner 0-0: Called Strike
0-1: Ball
1-1: Ball
2-1: Ball
3-1: Ground out 6-3 (Groundball, 6, EV 101.2 MPH)
Top of the 2nd over - 1 run, 2 hits, 0 errors, 1 left on base; Little Rock 1 - Tallahassee 0
BOTTOM OF THE 2ND
Tallahassee Thunder batting - Pitching for Little Rock Travelers : LHP Dave Jackson
Batting: RHB Rashad Green 0-0: Ball
1-0: Swinging Strike
1-1: Foul Ball, location: 2F
1-2: Ball
2-2: Fly out, F7 (Line Drive, 7S, EV 88.8 MPH)
Batting: LHB Elijah Haddad 0-0: Ball
1-0: Called Strike
1-1: SINGLE (Groundball, 4D, EV 107.5 MPH)
Batting: RHB Nathanael Novotny 0-0: Ball
1-0: Foul Ball, location: 2F
1-1: Ball
2-1: Ball
3-1: SINGLE (Flyball, 8LS, EV 93.8 MPH)
Elijah Haddad to second
Batting: LHB Tom Oliver 0-0: Called Strike
0-1: Called Strike
0-2: Foul Ball, location: 2F
0-2: Ball
1-2: Ball
2-2: Strikes out swinging
Batting: RHB Oscar Craddock 0-0: Ball
1-0: Ball
2-0: Called Strike
2-1: Called Strike
2-2: Strikes out swinging
Bottom of the 2nd over - 0 runs, 2 hits, 0 errors, 2 left on base; Little Rock 1 - Tallahassee 0
TOP OF THE 3RD
Little Rock Travelers batting - Pitching for Tallahassee Thunder : RHP Richard Dueck
Batting: SHB Lance Belcher 0-0: Ball
1-0: Ground out U3 (Groundball, 13, EV 81.9 MPH)
Batting: RHB Kyle Tursi 0-0: Foul Ball, location: 2F
0-1: Ball
1-1: Ball
2-1: Ball
3-1: Base on Balls
Batting: SHB Stuart Owens 0-0: Called Strike
Kyle Tursi steals 2nd base
0-1: Ball
1-1: Foul Ball, location: 2F
1-2: Strikes out swinging
Batting: RHB Cody Tolley 0-0: Ball
1-0: Ball
2-0: Called Strike
2-1: Swinging Strike
2-2: Strikes out swinging
Top of the 3rd over - 0 runs, 0 hits, 0 errors, 1 left on base; Little Rock 1 - Tallahassee 0
BOTTOM OF THE 3RD
Tallahassee Thunder batting - Pitching for Little Rock Travelers : LHP Dave Jackson
Batting: RHB Lucas Stewart 0-0: Called Strike
0-1: Foul Ball, location: 2F
0-2: Ground out 4-3 (Groundball, 4, EV 101.2 MPH)
Batting: RHB Maxie Bernal 0-0: Ground out 6-3 (Groundball, 6, EV 86.9 MPH)
Batting: SHB Colt Heston 0-0: Foul Ball, location: 2F
0-1: Ball
1-1: Foul Ball, location: 2F
1-2: Strikes out looking
Bottom of the 3rd over - 0 runs, 0 hits, 0 errors, 0 left on base; Little Rock 1 - Tallahassee 0
TOP OF THE 4TH
Little Rock Travelers batting - Pitching for Tallahassee Thunder : RHP Richard Dueck
Batting: LHB Sanford Davis 0-0: Ball
1-0: Called Strike
1-1: Foul Ball, location: 2F
1-2: Ball
2-2: Strikes out swinging
Batting: LHB Chandler Allen 0-0: Foul Ball, location: 2F
0-1: Ball
1-1: Ball
2-1: Fly out, F9 (Flyball, 89M, EV 88.1 MPH)
Batting: RHB Mason Eubanks 0-0: Foul Ball, location: 2F
0-1: Ball
1-1: SINGLE (Groundball, 4D, EV 103.8 MPH)
Batting: SHB Skylar Cirigliano 0-0: Foul Ball, location: 2F
0-1: Ball
1-1: Ball
2-1: Ball
3-1: Base on Balls
Mason Eubanks to second
Batting: RHB Preston Horner 0-0: Ball
1-0: Called Strike
1-1: Called Strike
1-2: Foul Ball, location: 2F
1-2: Foul Ball, location: 2F
1-2: Fly out, F8 (Flyball, 8LM, EV 72.5 MPH)
Top of the 4th over - 0 runs, 1 hit, 0 errors, 2 left on base; Little Rock 1 - Tallahassee 0
BOTTOM OF THE 4TH
Tallahassee Thunder batting - Pitching for Little Rock Travelers : LHP Dave Jackson
Batting: LHB Axel Parker 0-0: Called Strike
0-1: Ground out 4-3 (Groundball, 4, EV 84.4 MPH)
Batting: RHB Rashad Green 0-0: Foul Ball, location: 2F
0-1: Fly out, F7 (Flyball, 7LS, EV 78.8 MPH)
Batting: LHB Elijah Haddad 0-0: Ball
1-0: Called Strike
1-1: DOUBLE (Line Drive, 7LM, EV 111.9 MPH)
Batting: RHB Nathanael Novotny 0-0: Ball
1-0: Foul Ball, location: 2F
1-1: Swinging Strike
1-2: Hit by Pitch
Batting: LHB Tom Oliver 0-0: Foul Ball, location: 2F
0-1: Ball
1-1: Ball
2-1: Foul Ball, location: 2F
2-2: Strikes out swinging
Bottom of the 4th over - 0 runs, 1 hit, 0 errors, 2 left on base; Little Rock 1 - Tallahassee 0
TOP OF THE 5TH
Little Rock Travelers batting - Pitching for Tallahassee Thunder : RHP Richard Dueck
Batting: SHB Lance Belcher 0-0: Ball
1-0: Ball
2-0: Ball
3-0: Called Strike
3-1: Base on Balls
Batting: RHB Kyle Tursi 0-0: Called Strike
Lance Belcher steals 2nd base
0-1: Ball
1-1: Ball
2-1: Ball
3-1: Fly out, F8 (Flyball, 8RM, EV 77.5 MPH)
Batting: SHB Stuart Owens 0-0: Ball
1-0: Ball
2-0: SINGLE (Line Drive, 4D, EV 99.4 MPH)
Lance Belcher to third
Batting: RHB Cody Tolley 0-0: Ball
1-0: Called Strike
1-1: Called Strike
1-2: Strikes out swinging
Batting: LHB Sanford Davis 0-0: Ball
1-0: Called Strike
1-1: Foul Ball, location: 2F
1-2: Strikes out swinging
Top of the 5th over - 0 runs, 1 hit, 0 errors, 2 left on base; Little Rock 1 - Tallahassee 0
BOTTOM OF THE 5TH
Tallahassee Thunder batting - Pitching for Little Rock Travelers : LHP Dave Jackson
Batting: RHB Oscar Craddock 0-0: Ball
1-0: Called Strike
1-1: Called Strike
1-2: Ball
2-2: Strikes out swinging
Batting: RHB Lucas Stewart 0-0: Ball
1-0: Ground out U3 (Groundball, 34, EV 88.1 MPH)
Batting: RHB Maxie Bernal 0-0: Ball
1-0: Ground out 5-3 (Groundball, 56D, EV 85.0 MPH)
Bottom of the 5th over - 0 runs, 0 hits, 0 errors, 0 left on base; Little Rock 1 - Tallahassee 0
TOP OF THE 6TH
Little Rock Travelers batting - Pitching for Tallahassee Thunder : RHP Richard Dueck
Batting: LHB Chandler Allen 0-0: Swinging Strike
0-1: Ball
1-1: Swinging Strike
1-2: Ball
2-2: Foul Ball, location: 2F
2-2: Foul Ball, location: 2F
2-2: Foul Ball, location: 2F
2-2: Ball
3-2: Foul Ball, location: 2F
3-2: Strikes out swinging
Pitching: LHP Evan Melancon
Batting: RHB Mason Eubanks 0-0: Ball
1-0: Ball
2-0: Called Strike
2-1: Called Strike
2-2: Foul Ball, location: 2F
2-2: Strikes out swinging
Batting: SHB Skylar Cirigliano 0-0: Swinging Strike
0-1: Swinging Strike
0-2: Strikes out looking
Top of the 6th over - 0 runs, 0 hits, 0 errors, 0 left on base; Little Rock 1 - Tallahassee 0
BOTTOM OF THE 6TH
Tallahassee Thunder batting - Pitching for Little Rock Travelers : LHP Dave Jackson
Batting: SHB Colt Heston 0-0: Ball
1-0: Fly out, F5 (Flyball, 56D, EV 88.1 MPH)
Batting: LHB Axel Parker 0-0: Ground out U3 (Groundball, 34, EV 89.4 MPH)
Batting: RHB Rashad Green 0-0: Ball
1-0: Ball
2-0: Ball
3-0: Base on Balls
Batting: LHB Elijah Haddad 0-0: Fly out, F5 (Popup, 5F, EV 68.8 MPH)
Bottom of the 6th over - 0 runs, 0 hits, 0 errors, 1 left on base; Little Rock 1 - Tallahassee 0
TOP OF THE 7TH
Little Rock Travelers batting - Pitching for Tallahassee Thunder : LHP Evan Melancon
Batting: RHB Preston Horner 0-0: Fly out, F1 (Line Drive, P, EV 70.6 MPH)
Batting: SHB Lance Belcher 0-0: Called Strike
0-1: Ball
1-1: Foul Ball, location: 2F
1-2: Foul Ball, location: 2F
1-2: Foul Ball, location: 2F
1-2: SOLO HOME RUN (Flyball, 7D, EV 95.6 MPH), Distance : 361 ft
Batting: RHB Kyle Tursi 0-0: Called Strike
0-1: Swinging Strike
0-2: Strikes out swinging
Batting: SHB Stuart Owens 0-0: Swinging Strike
0-1: Ball
1-1: Called Strike
1-2: Ball
2-2: Ball
3-2: Strikes out swinging
Top of the 7th over - 1 run, 1 hit, 0 errors, 0 left on base; Little Rock 2 - Tallahassee 0
BOTTOM OF THE 7TH
Tallahassee Thunder batting - Pitching for Little Rock Travelers : LHP Dave Jackson
Batting: RHB Nathanael Novotny 0-0: Foul Ball, location: 2F
0-1: Ball
1-1: Ball
2-1: Foul Ball, location: 2F
2-2: Foul Ball, location: 2F
2-2: Ball
3-2: DOUBLE (Line Drive, 89D, EV 103.1 MPH)
Batting: LHB Tom Oliver 0-0: Called Strike
0-1: Ball
Nathanael Novotny is caught stealing 3rd base 2-5
1-1: Foul Ball, location: 2F
1-2: Ball
2-2: Ground out 4-3 (Groundball, 4S, EV 86.2 MPH)
Batting: RHB Oscar Craddock 0-0: Ball
1-0: Ball
2-0: Fly out, F8 (Flyball, 8LM, EV 97.5 MPH)
Bottom of the 7th over - 0 runs, 1 hit, 0 errors, 0 left on base; Little Rock 2 - Tallahassee 0
TOP OF THE 8TH
Little Rock Travelers batting - Pitching for Tallahassee Thunder : LHP Evan Melancon
Batting: RHB Cody Tolley 0-0: Ball
1-0: Called Strike
1-1: Foul Ball, location: 2F
1-2: Strikes out swinging
Batting: LHB Sanford Davis 0-0: Called Strike
0-1: Ball
1-1: Swinging Strike
1-2: Strikes out swinging
Batting: LHB Chandler Allen 0-0: Ball
1-0: Ball
2-0: Ball
3-0: Base on Balls
Batting: RHB Mason Eubanks 0-0: Ball
1-0: Foul Ball, location: 2F
1-1: Called Strike
1-2: SINGLE (Flyball, 7S, EV 98.8 MPH)
Chandler Allen to second
Batting: SHB Skylar Cirigliano 0-0: Ball
1-0: Foul Ball, location: 2F
1-1: Swinging Strike
1-2: Ball
2-2: Strikes out swinging
Top of the 8th over - 0 runs, 1 hit, 0 errors, 2 left on base; Little Rock 2 - Tallahassee 0
BOTTOM OF THE 8TH
Tallahassee Thunder batting - Pitching for Little Rock Travelers : LHP Dave Jackson
Pitching: RHP Ta'Jon Olide
Batting: RHB Lucas Stewart 0-0: Called Strike
0-1: Foul Ball, location: 2F
0-2: Ball
1-2: Ball
2-2: Ball
3-2: Base on Balls
Batting: RHB Maxie Bernal 0-0: Ball
1-0: Called Strike
1-1: Foul Ball, location: 2F
1-2: Strikes out swinging
Batting: SHB Colt Heston 0-0: Ball
1-0: Grounds into double play, 5-4-3 (Groundball, 56, EV 107.5 MPH)
Bottom of the 8th over - 0 runs, 0 hits, 0 errors, 0 left on base; Little Rock 2 - Tallahassee 0
TOP OF THE 9TH
Little Rock Travelers batting - Pitching for Tallahassee Thunder : LHP Evan Melancon
Pitching: RHP Dewayne Martinson
Batting: RHB Preston Horner 0-0: Ball
1-0: Called Strike
1-1: Foul Ball, location: 2F
1-2: Foul Ball, location: 2F
1-2: Ball
2-2: Strikes out looking and he ARGUES THE CALL AND IS TOSSED!
Batting: SHB Lance Belcher 0-0: Ball
1-0: Swinging Strike
1-1: Foul Ball, location: 2F
1-2: Strikes out swinging
Batting: RHB Kyle Tursi 0-0: Ball
1-0: Swinging Strike
1-1: Called Strike
1-2: Ball
2-2: Strikes out swinging
Top of the 9th over - 0 runs, 0 hits, 0 errors, 0 left on base; Little Rock 2 - Tallahassee 0
BOTTOM OF THE 9TH
Tallahassee Thunder batting - Pitching for Little Rock Travelers : RHP Ta'Jon Olide
Pitching: LHP Brendan Fleming
Now at 2B: Alando Kelder
Batting: LHB Axel Parker 0-0: Ball
1-0: Called Strike
1-1: Ball
2-1: Ground out 4-3 (Groundball, 4, EV 83.1 MPH)
Batting: RHB Rashad Green 0-0: Ball
1-0: Ball
2-0: Called Strike
2-1: Foul Ball, location: 2F
2-2: Ball
3-2: SINGLE (Groundball, 6MD, EV 106.9 MPH)
Batting: LHB Elijah Haddad 0-0: Ball
1-0: Ball
2-0: Ball
3-0: Called Strike
3-1: Base on Balls
Rashad Green to second
Batting: RHB Nathanael Novotny 0-0: Foul Ball, location: 2F
0-1: Ball
Wild Pitch!
Rashad Green to third
Elijah Haddad to second
1-1: Ball
2-1: Ground out 6-3 (Groundball, 6, EV 83.8 MPH)
Rashad Green scores
Elijah Haddad to third
Batting: RHB Tai Sanches 0-0: Called Strike
0-1: Swinging Strike
0-2: SINGLE (Groundball, 4MD, EV 103.8 MPH)
Elijah Haddad scores
Batting: RHB Oscar Craddock 0-0: Ball
1-0: Ground out U3 (Groundball, 34S, EV 71.2 MPH)
Bottom of the 9th over - 2 runs, 2 hits, 0 errors, 1 left on base; Little Rock 2 - Tallahassee 2
TOP OF THE 10TH
Little Rock Travelers batting - Pitching for Tallahassee Thunder : RHP Dewayne Martinson
Batting: SHB Stuart Owens 0-0: Ball
1-0: Ground out 4-3 (Groundball, 4, EV 87.5 MPH)
Batting: RHB Cody Tolley 0-0: Ball
1-0: Swinging Strike
1-1: Ball
2-1: Called Strike
2-2: Strikes out swinging
Batting: LHB Sanford Davis 0-0: Called Strike
0-1: DOUBLE (Flyball, 78D, EV 106.2 MPH)
Batting: LHB Chandler Allen 0-0: Ball
1-0: Foul Ball, location: 2F
1-1: Called Strike
1-2: Strikes out swinging
Top of the 10th over - 0 runs, 1 hit, 0 errors, 1 left on base; Little Rock 2 - Tallahassee 2
BOTTOM OF THE 10TH
Tallahassee Thunder batting - Pitching for Little Rock Travelers : LHP Brendan Fleming
Pitching: RHP Vin Chasovodov
Batting: RHB Lucas Stewart 0-0: Ball
1-0: Ball
2-0: Fly out, F8 (Flyball, 8RM, EV 92.5 MPH)
Batting: RHB Maxie Bernal 0-0: Ball
1-0: Fly out, F7 (Line Drive, 7, EV 83.1 MPH)
Batting: SHB Colt Heston 0-0: Ball
1-0: Ball
2-0: Ball
3-0: Base on Balls
Batting: LHB Axel Parker 0-0: Ball
1-0: SINGLE (Line Drive, 78S, EV 103.1 MPH)
Colt Heston to second
Batting: RHB Rashad Green 0-0: Called Strike
0-1: Foul Ball, location: 2F
0-2: Ball
1-2: Strikes out swinging
Bottom of the 10th over - 0 runs, 1 hit, 0 errors, 2 left on base; Little Rock 2 - Tallahassee 2
TOP OF THE 11TH
Little Rock Travelers batting - Pitching for Tallahassee Thunder : RHP Dewayne Martinson
Batting: RHB Mason Eubanks 0-0: Ball
1-0: Called Strike
1-1: Foul Ball, location: 2F
1-2: Foul Ball, location: 2F
1-2: Strikes out swinging
Batting: SHB Skylar Cirigliano 0-0: Ground out 4-3 (Groundball, 4, EV 102.5 MPH)
Batting: LHB Alando Kelder 0-0: Ball
1-0: Foul Ball, location: 2F
1-1: Ground out 4-3 (Groundball, 4, EV 81.2 MPH)
Top of the 11th over - 0 runs, 0 hits, 0 errors, 0 left on base; Little Rock 2 - Tallahassee 2
BOTTOM OF THE 11TH
Tallahassee Thunder batting - Pitching for Little Rock Travelers : RHP Vin Chasovodov
Batting: LHB Elijah Haddad 0-0: Called Strike
0-1: Foul Ball, location: 2F
0-2: Strikes out swinging
Batting: RHB Nathanael Novotny 0-0: Ball
1-0: Foul Ball, location: 2F
1-1: Ball
2-1: Ball
3-1: Called Strike
3-2: Base on Balls
Batting: RHB Tai Sanches 0-0: Swinging Strike
0-1: Foul Ball, location: 2F
0-2: Ball
1-2: Foul Ball, location: 2F
1-2: SINGLE (Flyball, 89S, EV 88.1 MPH)
Nathanael Novotny to second
Batting: RHB Oscar Craddock 0-0: Foul Ball, location: 2F
0-1: Ball
1-1: Ball
2-1: Ball
3-1: SINGLE (Line Drive, 78S, EV 108.1 MPH)
Nathanael Novotny to third
Tai Sanches to second
Pitching: RHP Cliff Tarnovius
Batting: RHB Lucas Stewart 0-0: Called Strike
0-1: Ball
1-1: Fly out, F8 (Line Drive, 8RS, EV 86.9 MPH)
Batting: RHB Maxie Bernal 0-0: Ball
1-0: Called Strike
1-1: Called Strike
1-2: Fly out, F9 (Flyball, 89M, EV 93.8 MPH)
Bottom of the 11th over - 0 runs, 2 hits, 0 errors, 3 left on base; Little Rock 2 - Tallahassee 2
TOP OF THE 12TH
Little Rock Travelers batting - Pitching for Tallahassee Thunder : RHP Dewayne Martinson
Batting: SHB Lance Belcher 0-0: Ball
1-0: Foul Ball, location: 2F
1-1: Ball
2-1: Foul Ball, location: 2F
2-2: DOUBLE (Line Drive, 89D, EV 106.9 MPH)
Batting: RHB Kyle Tursi 0-0: SINGLE (Groundball, 56S, EV 66.9 MPH) (infield hit)
Lance Belcher to third
Batting: SHB Stuart Owens 0-0: Called Strike
0-1: Ground out 4-3 (Groundball, 4, EV 101.9 MPH)
Kyle Tursi to second
Batting: RHB Cody Tolley 0-0: Called Strike
0-1: Swinging Strike
0-2: SINGLE (Groundball, 34, EV 101.9 MPH)
Lance Belcher scores
Kyle Tursi to third
Runner from 3rd tries for Home, SAFE, throw by RF to home
Batting: LHB Sanford Davis 0-0: Called Strike
0-1: Ball
Cody Tolley steals 2nd base
1-1: TRIPLE (Line Drive, 9D, EV 107.5 MPH)
Cody Tolley scores
Pitching: RHP Magnus Picazo
Batting: LHB Chandler Allen 0-0: Foul Ball, location: 2F
0-1: Ground out U3 (Groundball, 3, EV 100.6 MPH)
Batting: RHB Mason Eubanks 0-0: Ball
1-0: Hit by Pitch
Batting: SHB Skylar Cirigliano 0-0: Ball
1-0: Foul Ball, location: 2F
1-1: Fly out, F9 (Flyball, 9D, EV 102.5 MPH)
Top of the 12th over - 3 runs, 4 hits, 0 errors, 2 left on base; Little Rock 5 - Tallahassee 2
BOTTOM OF THE 12TH
Tallahassee Thunder batting - Pitching for Little Rock Travelers : RHP Cliff Tarnovius
Batting: SHB Colt Heston 0-0: Called Strike
0-1: Ground out 4-3 (Groundball, 4, EV 90.0 MPH)
Batting: LHB Axel Parker 0-0: Ball
1-0: Ball
2-0: Ball
3-0: Base on Balls
Batting: RHB Rashad Green 0-0: Fly out, F8 (Flyball, 8RD, EV 98.1 MPH)
Batting: LHB Elijah Haddad 0-0: Ball
1-0: Ball
2-0: Ball
3-0: Base on Balls
Axel Parker to second
Batting: RHB Nathanael Novotny 0-0: Ball
1-0: Called Strike
1-1: Swinging Strike
1-2: Ball
2-2: Ball
3-2: Base on Balls
Axel Parker to third
Elijah Haddad to second
Batting: RHB Tai Sanches 0-0: Called Strike
0-1: Ball
1-1: Foul Ball, location: 2F
1-2: Foul Ball, location: 2F
1-2: Foul Ball, location: 2F
1-2: Foul Ball, location: 2F
1-2: Foul Ball, location: 2F
1-2: Ball
2-2: Ball
3-2: Ground out 6-3 (Groundball, 56D, EV 101.9 MPH)
Bottom of the 12th over - 0 runs, 0 hits, 0 errors, 3 left on base; Little Rock 5 - Tallahassee 2
Monday, April 29th , 2024 - OOTP Baseball 23.10 Build 110